 Dungeon Crawl Stone Soup version 0.30-a0-928-g7f6bbad527 (webtiles) character file.

Game seed: 15775239832580139826

392 112233 the Grave Robber (level 6, -3/35 HPs)
             Began as a Deep Elf Necromancer on Mar 23, 2023.
             Slain by a scorpion (4 damage)
             ... on level 4 of the Dungeon.
             The game lasted 00:04:12 (2645 turns).

112233 the Grave Robber (Deep Elf Necromancer)      Turns: 2645, Time: 00:04:12

Health: -3/35      AC:  3    Str:  5    XL:     6   Next: 51%
Magic:  0/16       EV: 13    Int: 22    God:
Gold:   154        SH:  0    Dex: 15    Spells: 8/16 levels left

rFire   . . .      SeeInvis .    n - +6 mace (drain)
rCold   . . .      Faith    .    (no shield)
rNeg    . . .      Spirit   .    a - +0 robe
rPois   .          Reflect  .    (no helmet)
rElec   .          Rampage  .    (no cloak)
rCorr   .                        (no gloves)
Will    .....                    o - +0 pair of boots
Stlth   ++                       (no amulet)
HPRegen 0.25/turn                (no ring)
MPRegen 0.15/turn                (no ring)

@: very slightly contaminated
A: no striking features
a: no special abilities


You were on level 4 of the Dungeon.
You visited 1 branch of the dungeon, and saw 4 of its levels.

You collected 154 gold pieces.

Inventory:

Hand Weapons
 j - a +0 dagger of holy wrath
 n - a +6 mace of draining (weapon)
Armour
 a - a +0 robe (worn)
 o - a +0 pair of boots (worn)
Jewellery
 i - a ring of positive energy
 p - a +4 ring of protection
Scrolls
 b - 2 scrolls of amnesia
 d - 3 scrolls of enchant armour {unknown}
 f - 4 scrolls of identify {unknown}
 g - 3 scrolls of fog {unknown}
 k - a scroll of magic mapping {unknown}
 l - a scroll of blinking {unknown}
Potions
 c - a potion of attraction {unknown}
 e - a potion of brilliance {unknown}
 h - a potion of resistance {unknown}
 m - a potion of magic


   Skills:
 + Level 1.9 Fighting
 + Level 4.2 Dodging
 - Level 2.7 Stealth
 + Level 5.7 Spellcasting
 + Level 6.6 Necromancy


You had 8 spell levels left.
You knew the following spells:

 Your Spells              Type           Power      Damage    Failure   Level
a - Necrotise             Necr           100%       1d9       1%          1
b - Vampiric Draining     Necr           35%        2d8       1%          3
c - Animate Dead          Necr           35%        N/A       6%          4

Your spell library contained the following spells:

 Spells                   Type           Power      Damage    Failure   Level
 Ensorcelled Hibernation  Hex/Ice        12%        N/A       14%         2
 Passwall                 Tmut/Erth      5%         N/A       14%         2
 Agony                    Necr           35%        N/A       17%         5
 Ozocubu's Armour         Ice            6%         N/A       28%         3
 Swiftness                Air            6%         N/A       28%         3
 Metabolic Englaciation   Hex/Ice        3%         N/A       95%         5
 Simulacrum               Ice/Necr       10%        N/A       98%         6


Dungeon Overview and Level Annotations

Branches:
Dungeon (4/15)
 Temple: D:4-7

Altars:

Annotations:
D:3 Natasha


Message History

You feel sick. The scorpion barely misses you.
Unknown command.
Casting: Vampiric Draining (safe; 1% risk of failure)
Confirm with . or Enter, or press ? or * to list all spells.
Aiming: Vampiric Draining (safe; 1% risk of failure)
Press: ? - help, Shift-Dir - straight line, f/p - scorpion
Aim: a scorpion (heavily wounded, ally target)
You draw life force from the scorpion.
You feel life coursing into your body.
You feel sick.
Your iguana skeleton closely misses the scorpion.
The scorpion closely misses you.
Casting: Vampiric Draining (safe; 1% risk of failure)
Confirm with . or Enter, or press ? or * to list all spells.
You don't have enough magic to cast this spell.
Unknown command.
You closely miss the scorpion.
The scorpion is severely wounded.
You feel sick. The scorpion stings you.
Your iguana skeleton misses the scorpion.
The scorpion closely misses you.
You are too injured to fight recklessly!
Unknown command.
You hit the scorpion.
The scorpion is almost dead.
You feel sick. The scorpion stings you.
* * * LOW HITPOINT WARNING * * *
Your iguana skeleton barely misses the scorpion.
Unknown command.
Casting: Vampiric Draining (safe; 1% risk of failure)
Confirm with . or Enter, or press ? or * to list all spells.
Aiming: Necrotise (safe; 1% risk of failure)
Press: ? - help, Shift-Dir - straight line, f/p - scorpion
Aim: a scorpion (almost dead, ally target, chance to affect: 83%)
The scorpion barely resists.
You feel sick.
You are no longer poisoned.
The scorpion stings you.
* * * LOW HITPOINT WARNING * * *
Your iguana skeleton barely misses the scorpion.
The scorpion stings you.
You die...

##..†## ###..# #.#.....
##.....###....# ........
#......)##....# #.#.####
#.......#.....#..# #
#)......#....##..#
##....[##....# ..#
##...###..### ..#
#######.#####..
#....s@.....#.#
#.##..Z...#.#.# +[.....'...#
#......#.### #......#.####
#......#'##'###
#.............#
#.............#
##############.............#


You could see a scorpion (ally target) and a friendly iguana skeleton.

Vanquished Creatures
  A black bear (D:4)
  Blork the orc (D:4)
  An orc priest (D:4)
  2 orc wizards (D:4)
  Natasha (D:3)
  An iguana (D:4)
  3 adders
  2 worms
  2 dart slugs (D:4)
  3 orcs (D:4)
  6 ball pythons
  7 endoplasms
  4 giant cockroaches
  7 goblins
  3 hobgoblins
  6 jackals
  3 kobolds
  4 quokkas
  3 bats
  3 frilled lizards
  2 rats
65 creatures vanquished.

Vanquished Creatures (collateral kills)
  A worm (D:2)
  A ball python (D:2)
  A kobold (D:2)
3 creatures vanquished.

Grand Total: 68 creatures vanquished

Notes
Turn   | Place    | Note
-------+----------+-------------------------------------------
     0 | D:1      | 112233 the Deep Elf Necromancer began the quest for the
                  | Orb.
     0 | D:1      | Reached XP level 1. HP: 10/10 MP: 6/6
   354 | D:1      | Reached XP level 2. HP: 15/15 MP: 5/8
   357 | D:1      | Reached skill level 5 in Necromancy
   578 | D:1      | Found a faded altar of an unknown god.
   958 | D:2      | Reached XP level 3. HP: 4/19 MP: 8/10
   962 | D:2      | Learned a level 3 spell: Vampiric Draining
  1508 | D:2      | Reached XP level 4. HP: 24/24 MP: 10/12
  1535 | D:2      | Learned a level 4 spell: Animate Dead
  1564 | D:3      | Noticed Natasha
  1566 | D:3      | Killed Natasha
  1622 | D:3      | Noticed Natasha
  1934 | D:4      | Noticed a phantom
  1934 | D:4      | Noticed a black bear
  1935 | D:4      | Noticed a scorpion
  2008 | D:4      | Reached skill level 6 in Necromancy
  2008 | D:4      | Reached XP level 5. HP: 28/28 MP: 5/14
  2021 | D:4      | Reached skill level 1 in Fighting
  2021 | D:4      | Reached skill level 5 in Spellcasting
  2266 | D:4      | Noticed Blork the orc
  2275 | D:4      | Killed Blork the orc
  2414 | D:4      | Reached XP level 6. HP: 34/34 MP: 10/16
  2645 | D:4      | HP: 1/35 [scorpion (4)]
  2645 | D:4      | Slain by a scorpion

Illustrated notes

Levels and vault maps discovered:
D:1:      psy_arrival_heroes, layout_basic, basic_ecumenical_altar
D:2:      layout_basic, serial_glass, glass_columns_b, glass_columns_b,
          glass_columns_b, glass_columns_c, glass_columns_b, glass_columns_c,
          glass_columns_b, glass_columns_b
D:3:      layout_loops_cross, gammafunk_temple_overflow_arena, uniq_grinder,
          uniq_natasha
D:4:      minmay_opposing_rooms, layout_basic, mainiacjoe_overflow_alcove_2,
          minmay_ogre_servants, uniq_blork_the_orc

Skill      XL: |  1  2  3  4  5  6 |
---------------+-------------------+-----
Necromancy     | 5 6 |  6.6
Spellcasting   | 4 5 |  5.7
Dodging        | 3 4 |  4.2
Fighting       | 1 |  1.9
Stealth        | |  2.7

Action                     |  1- 3 |  4- 6 || total
---------------------------+-------+-------++-------
  Melee: Unarmed           |     1 |     1 ||     2
         Mace              |       |     2 ||     2
   Cast: Necrotise         |    62 |    68 ||   130
         Vampiric Draining |       |    12 ||    12
    Use: Potion            |     2 |       ||     2
         Scroll            |       |     2 ||     2
 Armour: Robe              |     3 |     3 ||     6
  Dodge: Dodged            |    16 |    31 ||    47

Table legend: (Time is in decaauts)
 A = Elapsed time spent in this place.
 B = Non-inter-level travel time spent in this place.
 C = Inter-level travel time spent in this place.
 D = Time resting spent in this place.
 E = Time spent auto-exploring this place.
 F = Levels seen in this place.
 G = Mean time per level.
                   A        B        C        D        E       F      G
               +--------+--------+--------+--------+--------+-----+--------+
         Total |   2649 |   2608 |     41 |      0 |   2233 |   4 |  662.2 |
       Dungeon |   2649 |   2608 |     41 |      0 |   2233 |   4 |  662.2 |
               +--------+--------+--------+--------+--------+-----+--------+

Top non-repeatable levels by time:
     D:4: 1008 daAuts
     D:1: 893 daAuts
     D:2: 666 daAuts
     D:3: 81 daAuts
